 Dungeon Crawl Stone Soup version 0.29.0-4-gdea44cf6ec (webtiles) character file.

Game seed: 11367551297886406399

44 qw the Chopper (level 3, -5/21 HPs)
             Began as a Tengu Warper on Aug 28, 2022.
             Slain by a gnoll
             ... wielding a +0 halberd
              (11 damage)
             ... on level 2 of the Dungeon.
             The game lasted 00:00:04 (1075 turns).

qw the Chopper (Tengu Warper)                       Turns: 1075, Time: 00:00:04

Health: -5/21      AC:  3    Str: 13    XL:     3   Next: 62%
Magic:  7/7        EV: 12    Int: 13    God:
Gold:   47         SH:  0    Dex: 13    Spells: 6/6 levels left

rFire   . . .      SeeInvis .   Y - +0 hand axe
rCold   . . .      Faith    .   (no shield)
rNeg    . . .      Spirit   .   b - +0 leather armour
rPois   .          Reflect  .   (helmet restricted)
rElec   .          Harm     .   (no cloak)
rCorr   .          Rampage  .   (no gloves)
Will    .....                   (boots unavailable)
Stlth   +.........              (no amulet)
HPRegen 0.07/turn               (no ring)
MPRegen 0.10/turn               (no ring)

@: no status effects
A: beak, talons 3
a: no special abilities


You were on level 2 of the Dungeon.
You visited 1 branch of the dungeon, and saw 2 of its levels.

You collected 47 gold pieces.


Innate Abilities, Weirdness & Mutations

You have a beak for a mouth.
You have claws for feet.


   Skills:
 - Level 2.0 Fighting
 + Level 4.3 Axes
 - Level 1.0 Throwing
 - Level 1.1 Armour
 - Level 2.1 Dodging
 - Level 2.0 Spellcasting
 - Level 2.4 Translocations


You had 6 spell levels left.
You didn't know any spells.
Your spell library contained the following spells:

 Spells                   Type           Power      Damage    Failure   Level
 Blink                    Tloc           14%        N/A       19%         2
 Gell's Gravitas          Tloc           7%         N/A       36%         3
 Lesser Beckoning         Tloc           7%         N/A       36%         3
 Teleport Other           Tloc           7%         N/A       36%         3
 Manifold Assault         Tloc           7%         N/A       98%         5

Inventory:

Hand Weapons
 Y - a +0 hand axe (weapon)
Missiles
 g - 4 boomerangs (quivered)
Armour
 b - a +0 leather armour (worn)
Potions
 a - a potion of heal wounds {unknown}

Dungeon Overview and Level Annotations

Branches:
Dungeon (2/15)

Altars:

Shops:
D:2 !


Message History

The gnoll barely misses you.
You hit the gnoll. You claw the gnoll.
The gnoll is severely wounded.
You barely miss the gnoll. The gnoll closely misses you. The gnoll misses you.
You hit the gnoll but do no damage. You claw the gnoll.
You kill the gnoll!
You hit the gnoll but do no damage. The gnoll closely misses you.
The gnoll hits you with a +0 club!
Your Axes skill increases to level 4!
You hit the gnoll. You claw the gnoll.
The gnoll is severely wounded.
You hit the hobgoblin but do no damage. The gnoll misses you.
The hobgoblin hits you but does no damage.
The gnoll barely misses you.
You closely miss the gnoll.
The gnoll is severely wounded.
You hit the hobgoblin but do no damage. The gnoll misses you.
The gnoll barely misses you.
The hobgoblin hits you but does no damage.
You hit the gnoll.
You kill the gnoll!
You hit the hobgoblin but do no damage. The gnoll closely misses you.
The hobgoblin hits you.
You barely miss the hobgoblin. The gnoll closely misses you.
The hobgoblin closely misses you.
You hit the hobgoblin.
The hobgoblin is heavily wounded.
The gnoll barely misses you. The hobgoblin hits you.
You hit the hobgoblin. Your peck misses the hobgoblin.
The hobgoblin is almost dead.
The gnoll barely misses you.
The hobgoblin hits you but does no damage.
You barely miss the hobgoblin.
The hobgoblin is almost dead.
The gnoll misses you. The hobgoblin misses you. The hobgoblin hits you.
The gnoll hits you from afar with a +0 halberd!
Ouch! That really hurt!
You die...

########......%.#
#......# ####...%.#
#......# #.....#
#......####
#.....##
#.........#
##.....#
#........####...#.#
#......##.....#'###
#.)....##....#....#
#\g@........>.....#
#g##########......#
#. #...#### g.
##### .g# .g. ....
.....


You could see a gnoll and a hobgoblin.

Vanquished Creatures
  2 gnolls (D:2)
  3 dart slugs (D:1)
  3 ball pythons
  2 endoplasms (D:1)
  4 hobgoblins
  A bat (D:1)
  3 frilled lizards
  A kobold (D:1)
  2 rats
21 creatures vanquished.

Notes
Turn   | Place    | Note
-------+----------+-------------------------------------------
     0 | D:1      | qw the Tengu Warper began the quest for the Orb.
     0 | D:1      | Reached XP level 1. HP: 12/12 MP: 4/4
     0 | D:1      | 0 ||| qw: Version: 0.1-a-89-g26bdef1
     0 | D:1      | 0 ||| qw: Game counter: 3262
     0 | D:1      | 0 ||| qw: Always use a shield: true
     0 | D:1      | 0 ||| qw: God list: Okawaru
     0 | D:1      | 0 ||| qw: Allow faded altars: false
     0 | D:1      | 0 ||| qw: Do Orc after D:15 true
     0 | D:1      | 0 ||| qw: Do second Lair branch before Depths: true
     0 | D:1      | 0 ||| qw: Lair rune preference: random
     0 | D:1      | 0 ||| qw: Plans: Normal
     0 | D:1      | 0 ||| PLANNING D:1-11
   133 | D:1      | 133 ||| Stepping ~*~*~tactically~*~*~ (hiding).
   141 | D:1      | 141 ||| Stepping ~*~*~tactically~*~*~ (stealth).
   145 | D:1      | Reached XP level 2. HP: 15/17 MP: 6/6
   147 | D:1      | Reached skill level 3 in Axes
   299 | D:1      | 299 ||| Stepping ~*~*~tactically~*~*~ (hiding).
   301 | D:1      | 301 ||| Stepping ~*~*~tactically~*~*~ (hiding).
   392 | D:1      | 392 ||| Stepping ~*~*~tactically~*~*~ (stealth).
   747 | D:1      | 747 ||| READING scroll labelled IGOVUI DEINUA.
   748 | D:1      | 748 ||| READING scroll labelled XOVVYU IMMOVIY.
   749 | D:1      | 749 ||| READING scroll labelled DEBA OH EMPIRPH.
   750 | D:1      | 750 ||| READING scroll labelled ETINIU KUKH.
   751 | D:1      | 751 ||| DROPPING scroll of blinking.
   791 | D:2      | 791 ||| STAIRDANCE
  1039 | D:2      | Reached XP level 3. HP: 21/21 MP: 7/7
  1054 | D:2      | Found Doklir's Distillery.
  1061 | D:2      | 1061 ||| Stepping ~*~*~tactically~*~*~ (hiding).
  1069 | D:2      | Reached skill level 4 in Axes
  1075 | D:2      | Slain by a gnoll

Levels and vault maps discovered:
D:1:      spicycebolla_green_bress_n_ham, layout_loops_cross
D:2:      layout_basic, hellmonk_ecumenical_altar_arch_garden, serial_shops,
          shop, feat_on_display

Skill      XL: |  1  2  3 |
---------------+----------+-----
Axes           | 3 4 |  4.3
Fighting       | |  2.0
Throwing       | |  1.0
Armour         | |  1.1
Dodging        | |  2.1
Spellcasting   | |  2.0
Translocations | |  2.4

Action                   || total
-------------------------++-------
Melee: Hand axe          ||    45
       Kick              ||     9
       Peck              ||     5
Throw: Boomerang         ||    14
  Use: Scroll            ||     4
Armor: Leather armour    ||    10
Dodge: Dodged            ||    29

Table legend:
 A = Non-vault XP
 B = Vault XP
 C = Vault XP percentage of total XP
 D = Non-vault monster count
 E = Vault monster count
 F = Vault count percentage of total count
                 A         B        C        D         E       F
            +---------+---------+-------+---------+---------+-------
      Total |      64 |       0 |   0.0 |      21 |       0 |   0.0
            +---------+---------+-------+---------+---------+-------
        D:1 |      28 |       0 |   0.0 |      13 |       0 |   0.0
        D:2 |      36 |       0 |   0.0 |       8 |       0 |   0.0
            +---------+---------+-------+---------+---------+-------
